AoeStats
← Tavik

Oasis

508533200Analyzed
2v2 RM · 9d ago on Sep 22, 2026· 52m 32s· 4 players
Game mode
Random Map
Map size
Medium (4 player)
Population
200
Speed
Normal
Resources
Standard
Victory
Conquest
Starting age
Dark Age
Ending age
Imperial Age
RankedLock teamsTeams togetherTeam positionsShared explorationLock speedFull tech treeHidden civsTurbo modeCheats
Victory
Defeat
🇺🇸 Random · United States
1412
+13
🇺🇸 Random · United States
1411
+13
🇨🇿 Japanese · Czechia
1341
-13
🇨🇿 Ethiopians · Czechia
1336
-13
Melioth
6:16 Loom
8:54 Feudal Age
14:27 Fletching
15:34 Double-Bit Axe
24:29 Castle Age
22:31 Horse Collar
23:13 Padded Archer Armor
23:25 Gold Mining
25:42 Bow Saw
24:57 Crossbowman
25:46 Thumb Ring
25:42 Bodkin Arrow
28:51 Forging
28:46 Scale Barding Armor
29:10 Husbandry
31:17 Wheelbarrow
31:54 Iron Casting
32:38 Heavy Plow
33:15 Gold Shaft Mining
33:51 Stone Mining
36:39 Chain Barding Armor
46:16 Imperial Age
44:04 Hand Cart
44:51 Ballistics
44:59 Light Cavalry
46:44 Scale Mail Armor
46:18 Elite Shotel Warrior
47:20 Conscription
49:47 Blast Furnace
49:03 Chain Mail Armor
52:19 Plate Mail Armor
Tavik
8:24 Loom
10:33 Feudal Age
11:27 Double-Bit Axe
11:13 Man-at-Arms
11:39 Arson
11:50 Horse Collar
22:20 Fletching
24:00 Padded Archer Armor
27:36 Castle Age
27:14 Gold Mining
28:33 Thumb Ring
29:16 Wheelbarrow
28:54 Bow Saw
28:07 Crossbowman
29:00 Bodkin Arrow
32:27 Leather Archer Armor
34:33 Ballistics
41:05 Imperial Age
41:07 Arbalester
41:51 Bracer
42:22 Ring Archer Armor
42:56 Chemistry
41:42 Arrowslits
41:48 Guard Tower
41:54 Murder Holes
42:09 Masonry
42:19 Town Watch
43:23 Yasama
46:23 Kataparuto
46:24 Conscription
46:40 Hoardings
48:48 Pikeman
49:28 Squires
50:03 Forging
49:53 Scale Mail Armor
51:30 Caravan
GoonOn
5:58 Loom
9:05 Feudal Age
9:37 Double-Bit Axe
11:35 Horse Collar
16:42 Padded Archer Armor
18:12 Fletching
21:35 Castle Age
21:36 Gold Mining
21:37 Stone Mining
22:44 Bow Saw
22:44 Squires
22:30 Gambesons
28:24 Scale Mail Armor
28:43 Leather Archer Armor
30:45 Husbandry
32:08 Wheelbarrow
31:18 Town Watch
33:03 Chain Mail Armor
32:58 Forging
33:41 Elite Skirmisher
38:03 Imperial Age
37:14 Pikeman
38:20 Arson
39:11 Conscription
38:51 Elite Varangian Guard
39:57 Forging
39:59 Halberdier
43:41 Thumb Ring
45:39 Plate Mail Armor
45:46 Iron Casting
46:16 Ballistics
45:35 Hamask
46:35 Elite Jomsviking
51:24 Heavy Scorpion
53:20 Chemistry
Big Booty Stuffer
6:48 Loom
9:19 Feudal Age
9:25 Man-at-Arms
9:53 Double-Bit Axe
11:22 Arson
13:01 Scale Mail Armor
14:41 Fletching
16:10 Padded Archer Armor
17:28 Horse Collar
25:51 Castle Age
23:58 Gold Mining
25:03 Bloodlines
25:52 Scale Barding Armor
27:02 Heavy Plow
27:20 Crossbowman
30:27 Wheelbarrow
30:18 Husbandry
31:53 Chain Barding Armor
33:25 Town Watch
35:18 Forging
39:07 Vendel Legacy
39:18 Light Cavalry
44:11 Imperial Age
41:59 Hand Cart
42:07 Hand Cart
42:00 Elite Skirmisher
44:07 Iron Casting
44:11 Ballistics
44:01 Masonry
44:48 Bodkin Arrow
44:18 Cavalier
45:21 Conscription
44:33 Vendel Legacy
46:27 Plate Barding Armor
47:27 Blast Furnace
47:13 Conscription
47:03 Bracer
49:46 Leather Archer Armor
53:25 Ring Archer Armor
Connection lost

Rejoining the realm…

Still unreachable

The connection could not be restored.

Session expired

The server has moved on; the page needs a fresh start.